 Dungeon Sprint DCSS version 0.23.0 (webtiles) character file.

Game seed: 8584490743924832926

65425 nuthulu the Naga Aeon (level 15, -3/163 HPs)
             Began as a Naga Fighter on Feb 16, 2019.
             Was the Champion of Cheibriados.
             Slain by a tentacle (9 damage)
             ... attached to a kraken
             ... in the Dungeon (Sprint V: "Ziggurat Sprint").
             The game lasted 00:09:01 (1581 turns).

nuthulu the Naga Aeon (Naga Fighter)                Turns: 1581, Time: 00:09:02

Health: -3/163     AC: 37    Str: 43    XL:     15   Next: 16%
Magic:  11/30      EV:  2    Int: 16    God:    Cheibriados [******]
Gold:   0          SH: 40    Dex: 31    Spells: 14/14 levels left

rFire    . . .     SeeInvis +   F - +14 obsidian axe {chop, +Fly SInv *Curse} (curse)
rCold    + + .     Gourm    .   H - +18 shield of the Gong {rElec rN+ MR+ EV-5}
rNeg     + + .     Faith    .   G - +15 Maxwell's patent armour {-Cast -Tele rElec MR+ rCorr}
rPois    +         Spirit   .   O - +1 hat
rElec    +         Reflect  +   J - +1 cloak {+Inv}
rCorr    +         Harm     .   (no gloves)
MR       +++++     NoTele   +   (no barding) Stlth ..........NoCast +
                                I - amulet of Discord {Reflect rC+ MR+ Str+5 SH+3}
HPRegen  0.37/turn              c - ring of Amorality {rCorr rElec rPois rC+ rN+}
MPRegen  0.22/turn              o - ring of Optimism {MR+ Str+5 Int-5}

@: lethally poisoned (-3 -> -16), mesmerised, studying Long Blades, very slow
A: large, iridescent scales 1, see invisible, deformed body, dopey 1, poison
resistance, slowness 2, slow metabolism 1, spit poison 1, weak 1, constrict 1,
AC +5
a: Spit Poison, Bend Time, Temporal Distortion, Slouch, Step From Time, Renounce
Religion, Evoke Invisibility, Evoke Flight


You were in the Dungeon.
You worshipped Cheibriados.
Cheibriados was exalted by your worship.
You were not hungry.

You visited 1 branch

Inventory:

Hand Weapons
 F - the cursed +14 obsidian axe (weapon) {chop, +Fly SInv *Curse}
   (You found it in the Dungeon)

   It inflicts extra damage upon your enemies.
   It lets you see invisible.
   It lets you fly.
   It curses itself when equipped.
   It has a curse placed upon it.
Armour
 G - the +15 Maxwell's patent armour (worn) {-Cast -Tele rElec MR+ rCorr}
   (You found it in the Dungeon)

   It insulates you from electricity.
   It affects your resistance to hostile enchantments.
   It prevents spellcasting.
   It prevents most forms of teleportation.
   It provides partial protection from all sources of acid and corrosion.
 H - the +18 shield of the Gong (worn) {rElec rN+ MR+ EV-5}
   (You found it in the Dungeon)

   It affects your evasion (-5).
   It insulates you from electricity.
   It protects you from negative energy.
   It affects your resistance to hostile enchantments.
 J - a +1 cloak of invisibility (worn)
 O - a +1 hat (worn)
Jewellery
 b - an uncursed ring of protection from magic
 c - the ring of Amorality (left hand) {rCorr rElec rPois rC+ rN+}
   (You found it in the Dungeon)

   [ring of resist corrosion]

   It protects you from cold.
   It insulates you from electricity.
   It protects you from poison.
   It protects you from negative energy.
 o - the ring of Optimism (right hand) {MR+ Str+5 Int-5}
   (You found it in the Dungeon)

   [ring of protection from magic]

   It affects your strength (+5).
   It affects your intelligence (-5).
   It affects your resistance to hostile enchantments.
 w - a +6 ring of dexterity
 x - a +6 ring of dexterity
 y - a +6 ring of intelligence
 z - a +6 ring of intelligence
 A - a +6 ring of strength
 B - a +6 ring of strength
 I - the amulet of Discord (around neck) {Reflect rC+ MR+ Str+5 SH+3}
   (You found it in the Dungeon)

   [amulet of reflection]

   It shields you and reflects attacks.
   It affects your strength (+5).
   It protects you from cold.
   It affects your resistance to hostile enchantments.
   It affects your SH (+3).
 K - an uncursed ring of wizardry
 L - the ring "Usoomoot" {Fire -Tele rPois Int+3 Dex+8}
   (You found it in the Dungeon)

   [ring of fire]

   It enhances your fire magic.
   It affects your intelligence (+3).
   It affects your dexterity (+8).
   It protects you from fire.
   It makes you vulnerable to cold.
   It protects you from poison.
   It prevents most forms of teleportation.
 M - a +5 ring of protection
 N - a +2 ring of strength
Wands
 C - a wand of disintegration (7)
 D - a wand of iceblast (7)
 E - a wand of acid (7)
Scrolls
 a - a scroll of brand weapon
 k - 4 scrolls of blinking
 q - 4 scrolls of amnesia
 r - 9 scrolls of fog
 s - a scroll of holy word
 t - 5 scrolls of identify
 u - 5 scrolls of remove curse
 v - 2 scrolls of fear
Potions
 d - 6 potions of might
 e - 10 potions of curing
 g - 10 potions of heal wounds
 h - 6 potions of haste
 i - 7 potions of magic
 j - 3 potions of berserk rage
 l - 2 potions of brilliance
 m - 2 potions of invisibility
 n - 4 potions of resistance
 p - 6 potions of agility
Books
 P - a manual of Long Blades
Comestibles
 f - 6 rations


   Skills:
 + Level 17.9 Fighting
 + Level 17.4 Axes
 + Level 15.4 Armour
 + Level 17.1 Shields
 * Level 22.7 Invocations


You had 14 spell levels left.
You didn't know any spells.
Your spell library was empty.

Dungeon Overview and Level Annotations

Branches:
Dungeon (1/1)

Altars:
Ashenzari
Cheibriados
Dithmenos
Elyvilon
Fedhas
Gozag
Hepliaklqana
Kikubaaqudgha
Makhleb
Nemelex Xobeh
Okawaru
Qazlal
Ru
Sif Muna
Trog
Uskayaw
Vehumet
Wu Jian
Xom
Yredelemnul
Zin
The Shining One
Beogh
Jiyva
Lugonu


Innate Abilities, Weirdness & Mutations

You cannot wear boots.
Your serpentine skin is tough. (AC +5)
You have supernaturally acute eyesight. (SInv)
Armour fits poorly on your strangely shaped body.
Your system is resistant to poisons. (rPois)
You cover ground very slowly.
You have a slow metabolism.
You can spit poison.
You can use your snake-like lower body to constrict enemies.
You are partially covered in iridescent scales. (AC +2)
You are dopey. (Int -2)
You are weak. (Str -2)


Message History

PTOANNNG!
The tentacle is engulfed in a cloud of scalding steam.
You block the tentacle's attack.
GONNNNG!
You block the tentacle's attack.
PANG!
The tentacle completely misses you.
The merfolk javelineer hits you but does no damage.
The merfolk avatar chants a haunting song.
You resist.
A tentacle segment bursts forth from the water. x2
The tentacle is engulfed in a cloud of scalding steam.
The tentacle slaps you.
* * * LOW HITPOINT WARNING * * *
The tentacle slaps you but does no damage.
The tentacle is engulfed in a cloud of scalding steam.
The tentacle slaps you.
* * * LOW HITPOINT WARNING * * *
The tentacle slaps you!
You die...

▓.≈≈|})[)|≈)[≈. ▓....)..
▓≈.≈X:≈≈[:w:X}. ▓......)
▓≈.*≈(wm)}||│≈.≈▓......)
▓.≈**..)≈wm≈≈>≈≈▓..▓..).
▓≈≈≈*))tmm)≈*.≈.▓. ▓▓...
▓.*≈≈C)≈mm≈≈.≈≈≈▓..▓....
▓≈≈≈*mtmmm≈*m≈≈.▓.......
▓..*≈\≈)†≈≈≈≈..≈▓......©
▓≈.≈**w@w*≈.≈..≈▓▓▓▓▓▓▓▓
▓≈≈≈≈≈www...≈≈≈.
▓≈≈.▓≈§.≈(≈.▓≈≈.
▓..≈..§≈§§≈≈....
▓≈≈...≈§§..≈≈≈≈.
▓≈.....≈©.≈≈≈(≈.
▓▓▓▓▓▓▓▓▓▓▓▓▓▓▓▓


You could see 2 krakens, an alligator snapping turtle, 3 merfolk avatars, 5
merfolk impalers, 3 merfolk javelineers, a snapping turtle, a cyclops and 8
tentacles.

Vanquished Creatures
  An Ice Fiend (D)
  A shadow dragon (D)
  Gastronok (D)
  A nagaraja (D)
  3 frost giants (D)
  A very ugly thing (D)
  3 merfolk javelineers (D)
  2 blizzard demons (D)
  2 ice dragons (D)
  A yaktaur captain (D)
  Josephine (D)
  A merfolk impaler (D)
  10 vault guards (D)
  An anaconda (D)
  2 naga warriors (D)
  An anaconda (shapeshifter) (D)
  A centaur warrior (D)
  3 merfolk aquamancers (D)
  5 soul eaters (D)
  Nergalle (D)
  2 skeletal warriors (D)
  2 sea snakes (D)
  An unseen horror (shapeshifter) (D)
  Pikel (D)
  5 ugly things (D)
  3 shining eyes (D)
  A harpy (D)
  A manticore (D)
  A faun (shapeshifter) (D)
  7 cyclopes (D)
  A moth of wrath (shapeshifter) (D)
  A faun (D)
  A water nymph (D)
  3 merfolk sirens (D)
  2 guardian serpents (D)
  An eye of devastation (D)
  Joseph (D)
  3 naga magi (D)
  A komodo dragon (shapeshifter) (D)
  3 yaktaurs (D)
  3 rime drakes (D)
  6 ice devils (D)
  A jumping spider (shapeshifter) (D)
  2 freezing wraiths (D)
  A jumping spider (D)
  A polar bear (shapeshifter) (D)
  A polar bear (D)
  8 merfolk (D)
  Prince Ribbit (D)
  Grinder (D)
  Sigmund (D)
  A tarantella (D)
  A wraith (D)
  A hog (shapeshifter) (D)
  A spriggan (D)
  Eustachio (D)
  4 neqoxecs (D)
  3 steam dragons (D)
  A naga (D)
  Duvessa (D)
  2 acid dragons (D)
  5 water moccasins (D)
  7 ice beasts (D)
  An eye of draining (D)
  2 black bears (D)
  3 wolves (D)
  6 centaurs (D)
  Dowan (D)
  2 wights (D)
  A jelly (D)
  An orc priest (D)
  Jessica (D)
  An orc wizard (D)
  A mummy (D)
  4 adders (D)
  5 white imps (D)
  An ooze (D)
  A spectral adder (D)
  3 adder skeletons (D)
  An adder simulacrum (D)
  An orc (D)
  A spectral bat (D)
  5 bat skeletons (D)
  A bat zombie (D)
  4 ball pythons (D)
  A ball python skeleton (D)
  A ball python zombie (D)
  2 bat simulacra (D)
  A giant cockroach zombie (D)
  2 leopard gecko skeletons (D)
  A leopard gecko zombie (D)
  A quokka simulacrum (D)
  4 quokka skeletons (D)
  A spectral giant cockroach (D)
198 creatures vanquished.

Vanquished Creatures (collateral kills)
  Nikola (D)
  Polyphemus (D)
  A vault guard (D)
  A death drake (shapeshifter) (D)
  A cyclops (D)
  2 shining eyes (D)
  A yaktaur (D)
  A jumping spider (D)
  A water moccasin (D)
  A swamp drake (D)
  A scorpion (D)
  A crimson imp (D)
  An orc wizard (D)
  An adder (D)
  A shadow imp (D)
  A white imp (D)
  An ooze (D)
  A bat zombie (D)
19 creatures vanquished.

Vanquished Creatures (others)
  Frances (D)
  A merfolk javelineer (D)
  Snorg (D)
  A faun (D)
  A yaktaur (D)
  A centaur (D)
  A tentacle (D)
7 creatures vanquished.

Grand Total: 224 creatures vanquished

Notes
Turn   | Place    | Note
-------+----------+-------------------------------------------
     0 | D        | Found the +6 Majin-Bo {vamp, Archmagi MP+6 Int+6}
     0 | D        | Found the +7 great mace "Firestarter" {inner flame, rF++}
     0 | D        | nuthulu the Naga Fighter began the quest for the Orb.
     0 | D        | Reached XP level 1. HP: 21/21 MP: 1/1
     0 | D        | Found a deep blue altar of Sif Muna.
     0 | D        | Found a sacrificial altar of Ru.
     0 | D        | Found a bloodstained altar of Trog.
     0 | D        | Found a stormy altar of Qazlal.
     0 | D        | Found an iron altar of Okawaru.
     0 | D        | Found a sparkling altar of Nemelex Xobeh.
     0 | D        | Found a blossoming altar of Fedhas.
     2 | D        | Found a transporter.
     2 | D        | Found an ancient bone altar of Kikubaaqudgha.
     2 | D        | Found a viscous altar of Jiyva.
     2 | D        | Found a corrupted altar of Lugonu.
     2 | D        | Found a hazy altar of Hepliaklqana.
     2 | D        | Found a burning altar of Makhleb.
     2 | D        | Found an opulent altar of Gozag.
    23 | D        | Found the +9 heavy crossbow "Sniper" {velocity, Acc+∞ SInv}
    23 | D        | Found the +10 dark maul {crush}
    23 | D        | Found the +15 Maxwell's patent armour {-Cast -Tele rElec
                  | MR+ rCorr}
    23 | D        | Found the +18 shield of the Gong {rElec rN+ MR+ EV-5}
    23 | D        | Found the cursed +14 obsidian axe {chop, +Fly SInv *Curse}
    70 | D        | Became a worshipper of Cheibriados the Contemplative
    78 | D        | Entered arena 2.
    78 | D        | Noticed an eye of draining
    78 | D        | Noticed a jelly
    78 | D        | Found a transporter.
    80 | D        | Killed a jelly
    80 | D        | Reached XP level 2. HP: 31/31 MP: 0/2
    80 | D        | Reached XP level 3. HP: 37/37 MP: 0/3
    82 | D        | Killed an eye of draining
    82 | D        | Reached XP level 4. HP: 48/48 MP: 0/4
    82 | D        | Reached XP level 5. HP: 55/55 MP: 0/5
    83 | D        | Reached XP level 6. HP: 67/67 MP: 0/6
    89 | D        | Entered arena 3.
    89 | D        | Noticed a water moccasin
    89 | D        | Found a transporter.
    91 | D        | Reached * piety under Cheibriados
    92 | D        | Killed a water moccasin
   188 | D        | Entered arena 4.
   188 | D        | Noticed a jumping spider
   188 | D        | Noticed a tarantella
   188 | D        | Noticed a jumping spider
   188 | D        | Found a transporter.
   190 | D        | Killed a jumping spider
   190 | D        | Reached ** piety under Cheibriados
   190 | D        | Reached XP level 7. HP: 76/76 MP: 7/7
   191 | D        | Killed a jumping spider
   191 | D        | Killed a tarantella
   191 | D        | Reached *** piety under Cheibriados
   191 | D        | Reached XP level 8. HP: 86/86 MP: 8/8
   199 | D        | Entered arena 5.
   199 | D        | Found a transporter.
   202 | D        | Reached **** piety under Cheibriados
   210 | D        | Entered arena 6.
   210 | D        | Found a transporter.
   211 | D        | Reached ***** piety under Cheibriados
   218 | D        | Entered arena 7.
   218 | D        | Noticed a shining eye
   218 | D        | Noticed an eye of devastation
   218 | D        | Noticed a shining eye
   218 | D        | Noticed a shining eye
   219 | D        | Found a transporter.
   220 | D        | Reached skill level 1 in Invocations
   220 | D        | Killed a shining eye
   220 | D        | Reached skill level 10 in Fighting
   220 | D        | Reached skill level 3 in Invocations
   220 | D        | Gained mutation: You are partially covered in iridescent
                  | scales. (AC +2) [a shining eye]
   221 | D        | Gained mutation: You are weak. (Str -2) [a shining eye]
   222 | D        | Killed a shining eye
   222 | D        | Reached ****** piety under Cheibriados
   222 | D        | Reached skill level 4 in Invocations
   223 | D        | Killed a shining eye
   223 | D        | Reached skill level 5 in Invocations
   223 | D        | Reached XP level 9. HP: 78/94 MP: 8/13
   225 | D        | Killed an eye of devastation
   225 | D        | Reached skill level 6 in Invocations
   321 | D        | Entered arena 8.
   322 | D        | Found the +2 robe of Vines {NoPotionHeal Regen+7}
   322 | D        | Found a transporter.
   325 | D        | Reached skill level 7 in Invocations
   326 | D        | Reached skill level 10 in Axes
   333 | D        | Got the ring of Optimism {MR+ Str+5 Int-5}
   373 | D        | Entered arena 9.
   373 | D        | Noticed a rime drake
   374 | D        | Found a transporter.
   376 | D        | Reached skill level 8 in Invocations
   377 | D        | Killed a rime drake
   377 | D        | Reached skill level 10 in Shields
   381 | D        | Reached skill level 9 in Invocations
   381 | D        | Reached XP level 10. HP: 94/105 MP: 14/16
   390 | D        | Got the amulet of Discord {Reflect rC+ MR+ Str+5 SH+3}
   393 | D        | Entered arena 10.
   393 | D        | Noticed a cyclops
   393 | D        | Noticed a cyclops
   393 | D        | Noticed a cyclops
   393 | D        | Noticed a cyclops
   394 | D        | Found a transporter.
   396 | D        | Killed a cyclops
   397 | D        | Killed a cyclops
   397 | D        | Reached skill level 10 in Invocations
   398 | D        | Killed a cyclops
   398 | D        | Reached skill level 10 in Armour
   399 | D        | Killed a cyclops
   400 | D        | Reached skill level 11 in Invocations
   406 | D        | Entered arena 11.
   406 | D        | Noticed a red ugly thing
   406 | D        | Noticed a red ugly thing
   406 | D        | Noticed a cyan ugly thing
   406 | D        | Noticed a red ugly thing
   406 | D        | Noticed a shining eye
   407 | D        | Found a transporter.
   410 | D        | Killed a cyan ugly thing
   410 | D        | Reached XP level 11. HP: 104/114 MP: 8/19
   410 | D        | Killed a red ugly thing
   410 | D        | Reached skill level 12 in Invocations
   410 | D        | Killed a green ugly thing
   410 | D        | Killed a red ugly thing
   411 | D        | Killed a shining eye
   494 | D        | Entered arena 12.
   494 | D        | Noticed a cyclops
   494 | D        | Noticed a centaur warrior
   494 | D        | Noticed a cyclops
   495 | D        | Noticed a cyclops
   495 | D        | Noticed a cyclops
   496 | D        | Found a transporter.
   500 | D        | Killed a centaur warrior
   500 | D        | Reached skill level 13 in Invocations
   500 | D        | Killed a cyclops
   501 | D        | Killed a cyclops
   501 | D        | Killed a cyclops
   503 | D        | Killed a cyclops
   582 | D        | Entered arena 13.
   585 | D        | Found a transporter.
   587 | D        | Reached skill level 14 in Invocations
   624 | D        | Entered arena 14.
   625 | D        | Noticed a red ugly thing
   625 | D        | Noticed an unseen horror
   625 | D        | Noticed a red very ugly thing
   625 | D        | Noticed a shining eye
   625 | D        | Noticed a moth of wrath
   625 | D        | Noticed a shining eye
   626 | D        | Noticed a mana viper
   626 | D        | Noticed a faun
   626 | D        | a slime creature changed into a faun
   626 | D        | Noticed a sea snake
   626 | D        | a mana viper changed into a sea snake
   626 | D        | Noticed an anaconda
   626 | D        | a sea snake changed into an anaconda
   627 | D        | Killed an unseen horror
   627 | D        | Killed an anaconda
   628 | D        | Killed a red ugly thing
   628 | D        | Reached XP level 12. HP: 126/126 MP: 16/23
   628 | D        | Reached skill level 15 in Invocations
   630 | D        | Killed a red very ugly thing
   630 | D        | Gained mutation: You are dopey. (Int -2) [a shining eye]
   631 | D        | Found a transporter.
   641 | D        | Got the ring "Usoomoot" {Fire -Tele rPois Int+3 Dex+8}
   679 | D        | Entered arena 15.
   680 | D        | Noticed a soul eater
   680 | D        | Noticed a soul eater
   681 | D        | Noticed a soul eater
   681 | D        | Noticed a soul eater
   681 | D        | Noticed a soul eater
   685 | D        | Killed a soul eater
   685 | D        | Killed a soul eater
   685 | D        | Killed a soul eater
   685 | D        | Reached skill level 16 in Invocations
   685 | D        | Killed a soul eater
   685 | D        | Killed a soul eater
   686 | D        | Found a transporter.
   747 | D        | Entered arena 16.
   748 | D        | Noticed a merfolk javelineer
   748 | D        | Noticed a merfolk javelineer
   748 | D        | Noticed a merfolk impaler
   750 | D        | Killed a merfolk javelineer
   750 | D        | Killed a merfolk javelineer
   751 | D        | Reached skill level 17 in Invocations
   751 | D        | Killed a merfolk impaler
   751 | D        | Gained mutation: You can use your snake-like lower body to
                  | constrict enemies. [Naga growth]
   751 | D        | Reached XP level 13. HP: 125/136 MP: 14/25
   753 | D        | Found a transporter.
   786 | D        | Entered arena 17.
   789 | D        | Noticed a shadow dragon
   789 | D        | Noticed a vault guard
   789 | D        | Noticed a vault guard
   789 | D        | Noticed a vault guard
   789 | D        | Noticed a vault guard
   789 | D        | Noticed a vault guard
   789 | D        | Noticed a vault guard
   789 | D        | Noticed a vault guard
   789 | D        | Noticed a vault guard
   789 | D        | Noticed a vault guard
   789 | D        | Noticed a vault guard
   789 | D        | Noticed a yaktaur captain
   790 | D        | Identified the ring of Hifep {rCorr rC++}
   790 | D        | Identified the ring of Beogh's Displeasure {MR++ AC+1 Int+3
                  | Dex-2 Slay+3}
   790 | D        | Noticed a vault guard
   791 | D        | Killed a vault guard
   791 | D        | Reached skill level 15 in Fighting
   791 | D        | Reached skill level 15 in Shields
   795 | D        | Killed a vault guard
   798 | D        | Killed a vault guard
   800 | D        | Killed a vault guard
   800 | D        | Reached skill level 18 in Invocations
   800 | D        | Killed a vault guard
   800 | D        | Killed a vault guard
   801 | D        | Killed a yaktaur captain
   801 | D        | Killed a shadow dragon
   802 | D        | Killed a vault guard
   802 | D        | Reached skill level 15 in Axes
   802 | D        | Killed a vault guard
   804 | D        | Killed a vault guard
   804 | D        | Killed a vault guard
   804 | D        | Reached skill level 19 in Invocations
   805 | D        | Found a transporter.
   808 | D        | Killed a vault guard
   920 | D        | Entered arena 18.
   925 | D        | Found the +0 Maxwell's etheric cage {RegenMP+ *Contam rElec
                  | MP+4}
   936 | D        | Found a transporter.
   944 | D        | Got the ring of Amorality {rCorr rElec rPois rC+ rN+}
   967 | D        | Entered arena 19.
   970 | D        | Noticed Snorg
   970 | D        | Noticed Eustachio
   970 | D        | Noticed Frances
   970 | D        | Noticed Polyphemus
   970 | D        | Noticed Prince Ribbit
   970 | D        | Noticed Joseph
   970 | D        | Noticed Dowan
   970 | D        | Noticed Duvessa
   970 | D        | Noticed Josephine
   970 | D        | Noticed Nikola
   970 | D        | Noticed Pikel
   970 | D        | Noticed Nergalle
   970 | D        | Noticed Grinder
   970 | D        | Noticed Jessica
   970 | D        | Noticed Sigmund
   971 | D        | Noticed Gastronok
   972 | D        | Killed Prince Ribbit
   972 | D        | Killed Jessica
   972 | D        | Killed Dowan
   973 | D        | Killed Eustachio
   973 | D        | Killed Grinder
   973 | D        | Killed Pikel
   973 | D        | Killed Sigmund
   973 | D        | Killed Duvessa
   974 | D        | Killed Joseph
   975 | D        | Killed Snorg
   975 | D        | Reached XP level 14. HP: 141/150 MP: 16/27
   975 | D        | Killed Frances
   976 | D        | Killed Nergalle
   978 | D        | Killed Josephine
   978 | D        | Reached skill level 20 in Invocations
   980 | D        | Found a transporter.
   980 | D        | Killed Polyphemus
   982 | D        | Killed Nikola
   986 | D        | Killed Gastronok
  1053 | D        | Entered arena 20.
  1058 | D        | Noticed a nagaraja
  1061 | D        | Reached skill level 21 in Invocations
  1069 | D        | Found a transporter.
  1070 | D        | Killed a nagaraja
  1293 | D        | Entered arena 21.
  1299 | D        | Noticed a frost giant
  1300 | D        | Noticed a frost giant
  1300 | D        | Noticed an Ice Fiend
  1300 | D        | Noticed a frost giant
  1302 | D        | Killed a frost giant
  1303 | D        | Reached skill level 15 in Armour
  1303 | D        | Killed a frost giant
  1304 | D        | Killed a frost giant
  1306 | D        | Found the +8 demon blade "Leech" {vamp, rN+ AC-3 EV-3}
  1306 | D        | Killed an Ice Fiend
  1306 | D        | Reached skill level 22 in Invocations
  1307 | D        | Found a transporter.
  1573 | D        | Entered arena 22.
  1578 | D        | Identified the +4 chain mail of Vehumet {Slay+2}
  1578 | D        | Noticed a kraken
  1578 | D        | Noticed a kraken
  1581 | D        | Reached XP level 15. HP: 16/160 MP: 16/30
  1581 | D        | HP: 6/163 [tentacle[a kraken] (3)]
  1581 | D        | Slain by a tentacle

Skill      XL: |  1  2  3  4  5  6  7  8  9 10 11 12 13 14 15 |
---------------+----------------------------------------------+-----
Fighting       | 4 6 8 9 10 11 12 13 14 16 17 | 17.9
Armour         | 3 4 6 7 8 9 10 11 12 13 15 | 15.4
Shields        | 3 4 6 7 8 10 11 13 14 15 16 17 | 17.1
Axes           | 3 6 7 8 9 10 11 12 14 15 17 | 17.4
Invocations    | 5 9 11 14 17 19 22 | 22.7

Action                   |  1- 3 |  4- 6 |  7- 9 | 10-12 | 13-15 || total
-------------------------+-------+-------+-------+-------+-------++-------
Melee: Broad axe         |     3 |     4 |    19 |    26 |    56 ||   108
       Constrict         |       |       |       |       |    12 ||    12
Invok: Slouch            |       |       |       |    10 |    11 ||    21
  Use: Potion            |       |     1 |       |       |       ||     1
 Stab: Confused          |       |       |     2 |       |       ||     2
       Distracted        |       |       |     1 |       |     2 ||     3
  Eat: Ration            |       |       |       |       |     1 ||     1
Armor: Plate armour      |       |       |    12 |    39 |    64 ||   115
Dodge: Dodged            |       |       |     1 |     4 |    11 ||    16
Block: Shield            |     2 |     6 |    36 |    91 |   156 ||   291
       Reflection        |       |       |       |    29 |    21 ||    50
